 Seeded DCSS version 0.30.1-11-g7821555f0a (webtiles) character file.

Game seed: 5 (custom seed)

196 Kazon the Trooper (level 5, -1/47 HPs)
             Began as a Hill Orc Fighter on Oct 31, 2023.
             Slain by a black bear (4 damage)
             ... on level 4 of the Dungeon.
             The game lasted 00:09:25 (2223 turns).

Kazon the Trooper (Hill Orc Fighter)                Turns: 2223, Time: 00:09:26

Health: -1/47      AC:  8    Str: 21    XL:     5   Next: 75%
Magic:  14/14      EV:  9    Int:  8    God:
Gold:   178        SH:  4    Dex: 10    Spells: 4/4 levels left

rFire   . . .        a - +0 war axe
rCold   + . .        c - +0 buckler
rNeg    + + .        b - +0 scale mail
rPois   .            l - +0 helmet
rElec   .            (no cloak)
rCorr   .            (no gloves)
SInv    .            (no boots)
Will    +....        (no amulet) Stlth
                     e - ring "Ochet" {rC+ rN++ Will+}
HPRegen 0.27/turn    s - ring of magical power
MPRegen 0.14/turn

%: no passive effects
@: no status effects
A: no striking features
a: no special abilities


You were on level 4 of the Dungeon.
You visited 2 branches of the dungeon, and saw 5 of its levels.

You collected 178 gold pieces.

Inventory:

Hand Weapons
 a - a +0 war axe (weapon)
 r - a +2 vampiric dagger
Missiles
 f - 4 stones (quivered)
 j - 3 boomerangs
 t - 5 poisoned darts
Armour
 b - a +0 scale mail (worn)
 c - a +0 buckler (worn)
 i - a +0 tower shield
 l - a +0 helmet (worn)
Jewellery
 e - the ring "Ochet" (left hand) {rC+ rN++ Will+}
   (You acquired it on level 1 of the Dungeon)

   [ring of protection from cold]

   rC:        It protects you from cold.
   rN:        It greatly protects you from negative energy.
   Will:      It increases your willpower.
 s - a ring of magical power (right hand)
Scrolls
 g - a scroll of fog {unknown}
 m - a scroll of teleportation {unknown}
 n - 2 scrolls of magic mapping {unknown}
 o - a scroll of summoning {unknown}
 p - 2 scrolls of identify {unknown}
 q - a scroll of blinking {unknown}
 y - a scroll of torment {unknown}
Potions
 d - a potion of might
 h - a potion of resistance {unknown}
 k - 3 potions of curing {unknown}
 u - a potion of flight {unknown}
 v - a potion of berserk rage {unknown}
 w - a potion of invisibility {unknown}
 x - 2 potions of heal wounds {unknown}


   Skills:
 + Level 4.8 Fighting
 + Level 0.6 Short Blades
 + Level 4.3 Axes
 + Level 1.0 Throwing
 + Level 4.0 Armour
 + Level 0.7 Dodging
 + Level 0.7 Stealth
 + Level 3.9 Shields


You had 4 spell levels left.
You didn't know any spells.
Your spell library contained the following spells:

 Spells                   Type           Power      Damage    Failure   Level
 Frozen Ramparts          Ice            0%         1d1       99%         3
 Ice Form                 Ice/Tmut       0%         N/A       100%        4
 Summon Ice Beast         Ice/Summ       0%         N/A       100%        4


Dungeon Overview and Level Annotations

Branches:
Dungeon (4/15)             Temple (1/1) D:4

Altars:
Fedhas
Qazlal


Message History

The black bear bites you.
The black bear claws you but does no damage.
The black bear closely misses you.
You hit the black bear.
The black bear is heavily wounded.
The black bear closely misses you.
The black bear claws you but does no damage. x2
The black bear bites you. You block the black bear's attack. x2
You barely miss the black bear.
The black bear is heavily wounded.
The black bear closely misses you. The black bear claws you.
The black bear claws you but does no damage.
You slash the black bear!
The black bear is severely wounded.
The black bear goes berserk!
You hit the black bear.
The black bear is severely wounded.
The black bear bites you.
The black bear claws you but does no damage. x2
You block the black bear's attack. The black bear claws you.
The black bear claws you but does no damage.
You barely miss the black bear.
The black bear is severely wounded.
The black bear bites you. The black bear claws you. x2
You block the black bear's attack.
The black bear claws you but does no damage.
The black bear closely misses you.
You hit the black bear.
The black bear is severely wounded.
You block the black bear's attack. The black bear claws you. x2
The black bear bites you.
* * * LOW HITPOINT WARNING * * *
The black bear closely misses you. You block the black bear's attack.
You barely miss the black bear.
The black bear is severely wounded.
The black bear bites you!
* * * LOW HITPOINT WARNING * * *
The black bear claws you but does no damage. x2
The black bear bites you.
You die...

..>.......... ...#.
.........##.####.#.
###..##...##........
#...................
#..##.#...)##.#.#.
#.................
#.###.#.##.##.#.#.
#.# #.#.##.##.#.##
#@# #.#.##.##.#..#
#h# ###.##.##.##.#
o..o...##
#.##.##.##.. h.o....
####........ .......
#.##.#.#. .......
....... ##+##..
#.#... #.. #.....
#./ #.#...


You could see a black bear (berserk).

Vanquished Creatures
  A scorpion (D:4)
  4 adders
  3 worms
  6 orcs
  4 bats
  9 endoplasms
  A giant cockroach (D:1)
  12 goblins
  7 hobgoblins
  11 jackals
  3 kobolds
  6 ball pythons
  3 frilled lizards
  4 rats
74 creatures vanquished.

Notes
Turn   | Place    | Note
-------+----------+-------------------------------------------
     0 | D:1      | Kazon the Hill Orc Fighter began the quest for the Orb.
     0 | D:1      | Reached XP level 1. HP: 19/19 MP: 1/1
    44 | D:1      | Identified a scroll of acquirement
    44 | D:1      | Acquired the ring "Ochet" {rC+ rN++ Will+}
    63 | D:1      | Reached XP level 2. HP: 25/27 MP: 2/2
   296 | D:1      | Reached XP level 3. HP: 34/34 MP: 3/3
  1028 | D:2      | Reached XP level 4. HP: 31/41 MP: 4/4
  1639 | D:3      | Found a blossoming altar of Fedhas.
  1647 | D:3      | Reached XP level 5. HP: 43/47 MP: 5/5
  1824 | D:3      | Found a stormy altar of Qazlal.
  1951 | D:3      | Identified the +2 sling "Qeuhanocyt" {speed, rElec Str-3
                  | Dex+2}
  1973 | D:3      | Found a faded altar of an unknown god.
  2050 | D:4      | Found a staircase to the Ecumenical Temple.
  2058 | Temple   | Entered the Ecumenical Temple
  2162 | D:4      | Reached skill level 1 in Throwing
  2196 | D:4      | Noticed a black bear
  2223 | D:4      | Slain by a black bear

Illustrated notes

Levels and vault maps discovered:
D:1:      ebering_trefoil_3fold, layout_basic, st_stairs_14, serial_bayou_ford_a
D:2:      layout_basic, hangedman_decor_growths, minmay_close_crescents
D:3:      layout_rooms, mainiacjoe_overflow_concentric_impassable,
          mainiacjoe_overflow_paths, shapermc_ecumenical_altar_acropolis,
          chequers_serial_rivers_micro_b
D:4:      layout_basic, riverfiend_overflow_shadow_ancestor,
          minmay_temple_entry_glass, uniq_sigmund
Temple:   nicolae_temple_elliptical

Skill      XL: |  1  2  3  4  5 |
---------------+----------------+-----
Fighting       | 4 |  4.8
Axes           | 3 4 |  4.3
Throwing       | 1 |  1.0
Armour         | 4 |  4.0
Short Blades   | |  0.6
Dodging        | |  0.7
Stealth        | |  0.7
Shields        | |  3.9

Action                     |  1- 3 |  4- 6 || total
---------------------------+-------+-------++-------
  Melee: War axe           |   118 |    90 ||   208
         Dagger            |       |    53 ||    53
  Throw: Stone             |       |    12 ||    12
    Use: Scroll            |     2 |       ||     2
         Potion            |     1 |       ||     1
 Armour: Scale mail        |    41 |    62 ||   103
  Dodge: Dodged            |    55 |    56 ||   111
  Block: Buckler           |    32 |    39 ||    71
